 Dungeon Sprint DCSS version 0.28-a0-1429-gf3d713df7a (webtiles) character file.

Game seed: 2420613115219719560

118 mhtbhm the Skirmisher (level 4, 0/43 (45) HPs)
             Began as a Draconian Berserker on Jan 9, 2022.
             Was a Believer of Trog.
             Killed from afar by a necromancer (24 damage)
             ... with a bolt of negative energy
             ... in the Dungeon (Sprint III: "The Ten Rune Challenge").
             The game lasted 00:00:27 (352 turns).

mhtbhm the Skirmisher (Draconian Berserker)          Turns: 352, Time: 00:00:28

HP:   0/43 (45)     AC:  5    Str: 23    XL:     4   Next: 72%
MP:   4/4           EV: 13    Int:  8    God:    Trog [**....]
Gold: 34            SH:  0    Dex: 12    Spells: 3/3 levels left

rFire   . . .      SeeInvis .   a - +0 hand axe
rCold   . . .      Faith    .   (no shield)
rNeg    . . .      Spirit   .   (armour unavailable)
rPois   .          Reflect  .   (helmet restricted)
rElec   .          Harm     .   (no cloak)
rCorr   .          Rampage  .   (no gloves)
Will    .....      NoTele   +   (no boots)
Stlth   +.........              (no amulet)
HPRegen 0.14/turn               (no ring)
MPRegen 0.09/turn               (no ring)

@: lightly drained
A: AC +5, unfitting armour, cold-blooded, agile 1, strong 1
a: Renounce Religion, Berserk, Trog's Hand


You were in the Dungeon.
You worshipped Trog.
Trog was pleased with you.
You visited 1 branch You collected 34 gold pieces.

Inventory:

Hand Weapons
 a - a +0 hand axe (weapon)
Scrolls
 g - a scroll of blinking
 i - 2 scrolls of torment {unknown}
 j - a scroll of identify {unknown}
 k - a scroll of amnesia {unknown}
Potions
 b - 3 potions of curing
 c - a potion of heal wounds
 d - a potion of haste
 e - 2 potions of magic
 f - a potion of berserk rage
 h - 5 potions of mutation


   Skills:
 + Level 6.8 Fighting
 + Level 6.3 Axes
 + Level 5.4 Dodging


You had 3 spell levels left.
You didn't know any spells.
Your spell library was empty.

Dungeon Overview and Level Annotations

Branches:
Dungeon (1/1)

Altars:
Dithmenos
Ru
Yredelemnul


Innate Abilities, Weirdness & Mutations

Your plain brown scales are hard. (AC +5)
You cannot fit into any form of body armour.
You are cold-blooded and may be slowed by cold attacks.
You are agile. (Dex +2)
Your muscles are strong. (Str +2)


Message History

Trog accepts your kill.
You gasp with relief as air once again reaches your lungs.
Your Fighting skill increases to level 6!
Your Axes skill increases to level 6!
Your Dodging skill increases to level 5!
You have reached level 4!
You feel clever.
There is an open door to the Ecumenical Temple here.
You feel a strong urge to attack something.
You are no longer berserk.
You are exhausted.
You feel yourself slow down.
There is a fountain of clear blue water here.
You start resting.
You feel yourself speed up.
You start resting.
You recover from your berserk rage.
You start resting.
You start resting.
HP restored.
You open the door.
A necromancer and a necrophage come into view.
The necromancer shouts!
The necromancer gestures at you while chanting.
Your body is wracked with pain!
Found 19 gold pieces.
Found three altars.
You hit the necrophage.
The necrophage is moderately damaged.
The necrophage closely misses you.
The necromancer casts a spell.
The necromancer binds the souls of nearby monsters.
You closely miss the necrophage.
The necrophage is moderately damaged.
The necrophage misses you. The necromancer casts a spell at you.
The bolt of negative energy hits the necrophage.
The necrophage completely resists.
The bolt of negative energy hits you!!
You feel drained.
Ouch! That really hurt!
You die...

▓▓▓ # ##.# ####
#####..# #__#
.#..#..# #$p
.#..#..###+#+###n##
.##'#..#........@.#
.###...'.⌠........#
####...#...######+#
###....#.⌠.#
##÷....#...#
#......#+###
.#.....# ###....#
▓▓▓▓▓▓


You could see a necromancer and a necrophage (wandering).

Vanquished Creatures
  A water elemental (D)
  Jessica (D)
  A human (D)
  A wolf (D)
  2 rats (D)
6 creatures vanquished.

Notes
Turn   | Place    | Note
-------+----------+-------------------------------------------
     0 | D        | mhtbhm the Draconian Berserker began the quest for the Orb.
     0 | D        | Reached XP level 1. HP: 19/19 MP: 1/1
    24 | D        | Noticed Jessica
    28 | D        | Killed Jessica
    28 | D        | Reached ** piety under Trog
    29 | D        | Reached skill level 5 in Fighting
    29 | D        | Reached XP level 2. HP: 29/29 MP: 2/2
    46 | D        | Reached XP level 3. HP: 36/36 MP: 3/3
    52 | D        | Reached skill level 5 in Axes
    69 | D        | Gained mutation: You are agile. (Dex +2) [potion of
                  | mutation]
    69 | D        | Gained mutation: Your muscles are strong. (Str +2) [potion
                  | of mutation]
   101 | D        | Noticed a water elemental
   109 | D        | Killed a water elemental
   110 | D        | Reached skill level 5 in Dodging
   110 | D        | Reached XP level 4. HP: 12/45 MP: 4/4
   350 | D        | Found a basalt altar of Yredelemnul.
   350 | D        | Found a shadowy altar of Dithmenos.
   350 | D        | Found a sacrificial altar of Ru.
   350 | D        | Noticed a necrophage
   352 | D        | Killed from afar by a necromancer

Illustrated notes

Levels and vault maps discovered:
D:        dungeon_sprint_mu [sprint_mu_entry_cave, sprint_mu_temple_rooms,
          sprint_mu_d1_horrors, sprint_mu_d2_genie, sprint_mu_d3_branching,
          sprint_mu_orc_legion, sprint_mu_elf_gauntlet, sprint_mu_hive_nellie,
          sprint_mu_lair_fedhas, sprint_mu_vaults_butterflies,
          sprint_mu_slime_circle, sprint_mu_shoals_archi,
          sprint_mu_snake_twists, sprint_mu_blade_basic,
          sprint_mu_crypt_fortress, sprint_mu_tomb_spiral,
          sprint_mu_vestibule_basic, sprint_mu_gehenna_hellfire,
          sprint_mu_dis_giant, sprint_mu_tartarus_statrot,
          sprint_mu_cocytus_islands, sprint_mu_zot1]

Skill      XL: |  1  2  3 |
---------------+----------+-----
Fighting       | 5 6 |  6.8
Axes           | 4 6 |  6.3
Dodging        | 4 5 |  5.4

Action                   |  1- 3 |  4- 6 || total
-------------------------+-------+-------++-------
Melee: Hand axe          |    21 |     2 ||    23
       Tailslap          |     3 |       ||     3
       Punch             |     1 |       ||     1
Invok: Berserk           |     2 |       ||     2
  Use: Potion            |     1 |       ||     1
Armor: Skin              |     1 |       ||     1
Dodge: Dodged            |    11 |     2 ||    13

Table legend: (Time is in decaauts)
 A = Elapsed time spent in this place.
 B = Non-inter-level travel time spent in this place.
 C = Inter-level travel time spent in this place.
 D = Time resting spent in this place.
 E = Time spent auto-exploring this place.
 F = Levels seen in this place.
 G = Mean time per level.
                   A        B        C        D        E       F      G
               +--------+--------+--------+--------+--------+-----+--------+
         Total |    370 |    370 |      0 |    272 |     26 |   1 |  370.0 |
       Dungeon |    370 |    370 |      0 |    272 |     26 |   1 |  370.0 |
               +--------+--------+--------+--------+--------+-----+--------+

Top non-repeatable levels by time:
       D: 370 daAuts
